Map: Abiogenesis LE

Players

HeRoMaRinE

  • Race: Terran Terran
  • Spawn Location: 11:00

Cham - Winner!

  • Race: Zerg Zerg
  • Spawn Location: 5:00

Event: WCS Leipzig 2018

VOD

Have the link to the VOD?

Description

Time

  • Played on: Jan. 26, 2018, 1:08 p.m.
  • Length: 12:41

All games in this series

Show
View Real Time Build Order
Export as new Build Order

HeRoMaRinE Terran 

Build Orders: Gas First Reaper Expand, Reaper Expand, Hellion Banshee, MMM Bio 

Get SALT Encoding   

  12  0:00  SCV  
  13  0:12  SCV  
  14  0:17  Supply Depot  
  14  0:25  SCV  
  15  0:28  Refinery  
  15  0:38  SCV  
  16  0:44  Barracks  
  16  0:50  SCV  
  17  1:02  SCV  
  18  1:15  SCV  
  19  1:31  Orbital Command, Reaper  
  20  1:43  Command Center  
  20  1:54  Factory  
  20  1:59  SCV  
  21  2:07  Barracks Reactor  
  21  2:11  SCV  
  21  2:15  Supply Depot  
  22  2:18  Refinery  
  22  2:23  SCV  
  23  2:36  SCV  
  24  2:45  Starport  
  24  2:48  SCV  
  24  2:50  Hellion x2  
  29  2:54  Barracks Tech Lab  
  29  2:58  Orbital Command  
  29  3:03  SCV  
  34  3:12  Hellion  
  34  3:13  Hellion  
  34  3:16  SCV  
  35  3:25  Viking  
  37  3:34  SCV x2  
  35  3:44  Cyclone x2  
  35  3:46  SCV x2  
  42  3:49  Supply Depot  
  44  4:03  Banshee  
  44  4:06  SCV  
  44  4:07  Supply Depot  
  46  4:10  SCV  
  46  4:12  Supply Depot  
  51  4:17  Hellion x2  
  51  4:18  SCV  
  51  4:21  Armory  
  51  4:22  SCV  
  53  4:30  Barracks Tech Lab  
  53  4:31  SCV  
  54  4:34  SCV  
  54  4:38  Hellion x2  
  59  4:40  Supply Depot  
  59  4:43  SCV  
  60  4:47  SCV  
  60  4:51  Stimpack  
  61  4:53  Command Center  
  61  4:56  SCV  
  61  4:59  SCV  
  63  5:02  Hellion x2  
  67  5:09  SCV  
  67  5:11  SCV  
  69  5:21  SCV  
  69  5:25  SCV  
  70  5:32  Hellion  
  70  5:33  Hellion  
  70  5:34  Engineering Bay  
  70  5:35  SCV, Engineering Bay  
  68  5:36  Marine  
  68  5:37  SCV  
  68  5:41  Barracks  
  67  5:43  Barracks, Starport Reactor  
  67  5:47  SCV  
  67  5:49  SCV  
  69  5:52  Barracks x2  
  69  5:54  Marine  
  69  5:56  Refinery  
  69  5:57  Refinery  
  70  5:59  SCV  
  70  6:01  SCV, Terran Infantry Weapons Level 1  
  72  6:04  Terran Infantry Armor Level 1  
  72  6:10  SCV  
  73  6:11  SCV  
  73  6:12  Marine  
  73  6:13  Siege Tank  
  78  6:21  SCV  
  78  6:23  Orbital Command  
  79  6:30  Marine  
  79  6:32  SCV  
  81  6:33  SCV  
  81  6:37  Hellion x4  
  82  6:42  Barracks Reactor  
  82  6:43  Starport Reactor, Barracks Reactor, Marine  
  82  6:44  Marine x3  
  82  6:46  SCV x2  
  88  6:48  Marine  
  88  6:49  Orbital Command  
  89  6:58  SCV x2  
  89  6:59  Supply Depot x2  
  89  7:00  Supply Depot  
  91  7:01  Marine x2  
  93  7:12  Barracks  
  93  7:13  Barracks  
  93  7:15  Hellion  
  93  7:16  Barracks  
  93  7:17  Combat Shields  
  93  7:21  SCV x2, Medivac x2  
  99  7:26  Marine x2  
  99  7:29  SCV  
  102  7:30  Siege Tank  
  102  7:33  SCV  
  102  7:36  Supply Depot  
  103  7:38  Supply Depot, Marine  
  103  7:41  Marine x2  
  106  7:46  Supply Depot x2  
  106  7:47  Hellion x5  
  106  7:48  Marine x2  
  106  7:50  Medivac x2, Marine x2  
  117  7:52  Marine x2  
  117  7:56  Marine  
  115  7:59  Marine x2  
  115  8:02  Barracks Tech Lab  
  115  8:05  Barracks Tech Lab x3  
  117  8:06  Siege Tank  
  120  8:14  Marauder, Terran Infantry Weapons Level 2  
  120  8:16  Marine x2  
  120  8:17  Marine x2  
  120  8:19  SCV  
  127  8:20  Refinery, Supply Depot, Medivac x2, SCV  
  127  8:21  Marine x2  
  127  8:23  Concussive Shells  
  127  8:24  Marauder x2  
  140  8:27  Marauder  
  140  8:32  Marine  
  141  8:35  Marauder  
  141  8:39  Marine x2  
  145  8:41  Marine  
  145  8:42  Marine x3  
  145  8:45  Siege Tank  
  145  8:46  Marauder x2  
  152  8:49  Marauder  
  152  8:50  Marine x2  
  154  8:56  Marine  
  154  8:57  Marine  
  152  9:03  Supply Depot x2, Medivac  
  152  9:04  Supply Depot x2  
  152  9:07  Marauder x2  
  158  9:10  Marauder  
  155  9:20  Marauder, Marine x2  
  155  9:21  Marine x3  
  155  9:23  Marine x2  
  164  9:28  Marauder  
  164  9:29  Marauder  
  167  9:31  Marauder  
  167  9:33  Marine  
  167  9:38  Marine x2  
  170  9:39  Marine  
  170  9:40  Marine  
  170  9:41  Marine, Marauder  
  153  9:47  SCV x2, Marine x2  
  153  9:49  Marine  
  153  9:50  Marauder  
  153  9:51  Marine  
  129  9:54  Marauder  
  129  9:56  Marine  
  129  9:57  Marine x2  
  129  9:58  Siege Tank, Marine  
  129  9:59  SCV, Marine  
  133  10:02  Marine  
  133  10:03  Orbital Command  
  133  10:05  Marine x2  
  132  10:08  Liberator x2  
  132  10:09  Marine  
  132  10:11  Marine  
  122  10:14  Marine x2  
  122  10:15  Marine  
  122  10:16  Marine x2  
  122  10:20  Marine  
  116  10:23  Marine  
  117  10:30  Marauder  
  118  10:38  Marauder x2  
  118  10:42  Marine x2  
  124  10:44  Marauder, Marine x2  
  124  10:48  Marine  
  125  10:52  Liberator, Marauder  
  125  10:54  Liberator  
  125  10:55  Marine  
  120  10:59  Marauder x2  
  120  11:01  Marine  
  109  11:04  Marine  
  109  11:05  Marine, Marauder  
  114  11:13  Marine x2, Marauder  
  114  11:14  Marine  
  120  11:20  Marauder  
  120  11:21  Marauder  
  120  11:23  Marine x2  
  126  11:27  Marauder, Marine x2  
  126  11:29  Marine  
  131  11:35  Marauder, Marine  
  131  11:37  Marine  
  135  11:42  Marauder  
  135  11:44  Marauder  
  135  11:45  Marine x2  
  141  11:47  Marine  
  141  11:48  Marauder  
  130  11:57  Marauder, Marine  
  130  11:58  Marine  
  118  12:04  Marine x2  
  118  12:05  Marine x3  
  127  12:11  Marauder  
  127  12:17  Marauder x2, Marine x3  
Show
View Real Time Build Order
Export as new Build Order

Cham Zerg - Winner!

Build Orders: Hatch First 

Get SALT Encoding   

  12  0:01  Drone  
  13  0:08  Drone  
  14  0:19  Overlord  
  14  0:37  Drone x3  
  17  0:55  Hatchery  
  16  0:58  Drone  
  16  1:01  Drone  
  16  1:03  Extractor  
  17  1:17  Spawning Pool  
  16  1:21  Drone  
  16  1:25  Drone  
  18  1:31  Drone  
  19  1:49  Overlord  
  19  2:04  Queen  
  19  2:05  Zergling x2  
  19  2:07  Queen  
  19  2:08  Zergling x4  
  26  2:12  Metabolic Boost  
  26  2:16  Drone  
  26  2:20  Drone  
  28  2:31  Drone  
  28  2:38  Drone  
  28  2:39  Queen  
  28  2:40  Drone x2  
  33  2:47  Drone  
  34  2:53  Overlord  
  34  2:57  Drone  
  35  3:02  Overlord  
  35  3:06  Spore Crawler  
  35  3:09  Spore Crawler  
  35  3:20  Drone  
  35  3:21  Drone x3  
  35  3:24  Drone x4  
  43  3:36  Hatchery  
  39  3:46  Drone  
  39  3:47  Drone  
  41  3:53  Queen x2  
  41  3:55  Drone x3  
  48  3:57  Overlord  
  48  4:01  Zergling x4  
  50  4:04  Zergling x2  
  50  4:08  Overlord  
  51  4:16  Overlord  
  51  4:19  Drone x3  
  51  4:22  Drone x2  
  51  4:23  Drone  
  57  4:28  Drone x2  
  59  4:33  Queen x2  
  59  4:35  Zergling x2  
  59  4:36  Zergling x2  
  59  4:38  Zergling x2  
  66  4:44  Drone  
  67  4:48  Drone  
  67  4:49  Drone, Evolution Chamber  
  67  4:50  Evolution Chamber  
  67  4:53  Queen  
  67  4:55  Drone  
  67  4:57  Drone  
  71  5:06  Drone x2  
  73  5:07  Overlord  
  73  5:08  Overlord  
  73  5:15  Overlord x2  
  73  5:18  Spore Crawler  
  72  5:26  Zergling x8  
  72  5:27  Zergling x2  
  72  5:28  Zergling x2  
  74  5:30  Drone  
  74  5:33  Lair  
  72  5:36  Zerg Ground Armor Level 1, Roach Warren  
  72  5:37  Drone, Extractor  
  72  5:38  Drone x2  
  72  5:41  Drone x2  
  75  5:44  Drone x2  
  75  5:45  Zerg Missile Weapons Level 1  
  75  5:46  Drone x2  
  75  5:48  Overlord  
  79  5:50  Drone x2  
  79  5:53  Extractor  
  79  5:54  Extractor  
  79  5:55  Drone x3  
  82  6:00  Drone  
  82  6:02  Extractor  
  82  6:04  Extractor  
  82  6:08  Overlord  
  82  6:10  Zergling x2  
  82  6:19  Drone x2  
  82  6:20  Drone  
  82  6:22  Drone x3  
  82  6:23  Drone x2  
  89  6:28  Roach x3  
  95  6:33  Glial Reconstitution  
  95  6:39  Infestation Pit, Overlord x2  
  94  6:40  Overlord  
  94  6:41  Hatchery  
  93  6:49  Overlord  
  92  6:55  Overlord  
  92  6:57  Overlord  
  92  6:59  Roach x3  
  92  7:01  Roach  
  99  7:03  Roach x2  
  99  7:04  Roach  
  99  7:05  Roach x3  
  110  7:12  Overlord  
  110  7:15  Pneumatized Carapace  
  110  7:17  Hive  
  110  7:22  Roach x5  
  122  7:23  Roach x2  
  124  7:32  Infestor x2  
  124  7:35  Drone x2  
  124  7:36  Drone  
  127  7:41  Drone  
  128  7:46  Drone x3  
  128  7:48  Zerg Ground Armor Level 2  
  128  7:49  Drone  
  128  7:50  Drone x4  
  136  7:54  Zerg Melee Weapons Level 1  
  136  7:57  Zergling x2  
  137  7:59  Zergling x4  
  137  8:00  Overlord  
  137  8:03  Zergling x2  
  137  8:05  Ravager x2  
  142  8:07  Overlord  
  142  8:11  Extractor  
  142  8:12  Extractor  
  140  8:14  Overlord  
  140  8:17  Drone  
  140  8:19  Zergling x4  
  143  8:20  Spine Crawler, Zergling x2  
  143  8:21  Zergling x2  
  143  8:22  Zergling x6, Overlord  
  143  8:23  Overlord  
  143  8:24  Drone  
  143  8:26  Roach x2  
  152  8:32  Zergling x4  
  154  8:37  Adrenal Glands  
  154  8:39  Zergling x2  
  154  8:41  Zergling x2, Ultralisk Cavern  
  154  8:46  Zergling x6  
  154  8:48  Zergling x4  
  152  8:56  Zergling x4  
  152  9:00  Overlord  
  154  9:03  Zergling x2  
  154  9:04  Zergling x14  
  154  9:05  Zergling x4  
  164  9:17  Roach x7  
  174  9:30  Chitinous Plating  
  174  9:33  Ultralisk x2  
  174  9:34  Ultralisk x2  
  194  9:41  Zergling x2  
  155  9:54  Roach x8  
  155  9:55  Roach x3  
  155  9:58  Roach x2  
  174  10:01  Roach  
  156  10:19  Ultralisk x3  
  162  10:24  Zergling x10  
  164  10:30  Ravager x3  
  164  10:32  Zergling x4  
  167  10:41  Roach x4  
  171  10:47  Hatchery, Roach  
  171  10:48  Roach  
  166  10:51  Roach x2  
  166  10:53  Roach  
  161  10:58  Roach  
  161  11:00  Ultralisk x2  
  167  11:06  Drone x3  
  167  11:07  Drone x2  
  167  11:09  Drone  
  173  11:12  Drone x2  
  173  11:13  Extractor  
  174  11:23  Drone x5  
  179  11:26  Zergling x2  
  179  11:30  Zergling x2  
  179  11:32  Ravager x3  
  178  11:35  Ravager x2, Zergling x6  
  178  11:36  Zergling x2  
  184  11:41  Zergling x4  
  184  11:42  Ravager x2  
  184  11:45  Zergling x2  
  184  11:46  Zergling x2  
  190  11:48  Zergling x2  
  190  11:50  Zergling x2  
  183  11:55  Ultralisk  
  183  11:56  Zergling x6  
  180  12:03  Infestor  
  180  12:04  Zergling x2  
  180  12:05  Zergling x4  
  185  12:10  Zergling x4  
  181  12:20  Zergling x12  
  199  12:29  Drone  
  199  12:30  Spire  
  199  12:31  Baneling Nest  
Tags
 
Add a new tag
Caveats
  • Supply blocks, unpowered buildings, or Contaminate may cause inaccurate times.
  • Supply counts are checked every 10 seconds.